 Dungeon Crawl Stone Soup version 0.26.1-11-gd32895ea62 (webtiles) character file.

Game seed: 13327331799611129076

196 infcreate the Sneak (level 5, -5/29 HPs)
             Began as a Vampire Enchanter on July 11, 2021.
             Killed by divine providence
             ... invoked by an orc priest
              (13 damage)
             ... on level 4 of the Dungeon.
             The game lasted 00:16:16 (4212 turns).

infcreate the Sneak (Vampire Enchanter)             Turns: 4212, Time: 00:16:16

Health: -5/29      AC:  5    Str:  7    XL:     5   Next: 46%
Magic:  7/8        EV: 14    Int: 18    God:
Gold:   157        SH:  0    Dex: 15    Spells: 3/9 levels left

rFire    . . .     SeeInvis +   a - +1 dagger
rCold    + + .     Faith    .   (no shield)
rNeg     + + +     Spirit   .   b - +0 robe
rPois    ∞         Reflect  .   (no helmet)
rElec    .         Harm     .   (no cloak)
rCorr    .         Rampage  .   (no gloves)
Will     .....                  c - +2 pair of boots
Stlth    +++++.....             (no amulet)
HPRegen  0.00/turn              (no ring)
MPRegen  0.11/turn              (no ring)

@: bloodless
A: fangs 3, see invisible, unbreathing
a: Bat Form, Revivify


You were on level 4 of the Dungeon.
You visited 2 branches of the dungeon, and saw 5 of its levels.

You collected 157 gold pieces.


Innate Abilities, Weirdness & Mutations

You do not regenerate when monsters are visible.
You are frail without blood (-20% HP).
You can heal yourself when you bite living creatures.
You are immune to poison.
You have razor-sharp teeth.
You have supernaturally acute eyesight. (SInv)
You can survive without breathing.


   Skills:
 + Level 1.2 Fighting
 + Level 2.0 Short Blades
 * Level 3.6 Dodging
 * Level 5.9 Stealth
 + Level 2.5 Spellcasting
 * Level 5.7 Hexes


You had 3 spell levels left.
You knew the following spells:

 Your Spells              Type           Power        Failure   Level
c - Corona                Hex            24%          1%          1
e - Ensorcelled Hibernat  Hex/Ice        24%          9%          2
t - Confusing Touch       Hex            22%          4%          3

Your spell library contained the following spells:

 Spells                   Type           Power        Failure   Level
 Tukima's Dance           Hex            22%          4%          3
 Dazzling Flash           Conj/Hex       24%          16%         3

Inventory:

Hand Weapons
 a - a +1 dagger (weapon)
Armour
 b - a +0 robe (worn)
 c - a +2 pair of boots (worn)
Scrolls
 g - a scroll of immolation {unknown}
 i - a scroll of remove curse {unknown}
 j - a scroll of fog {unknown}
 l - a scroll of identify {@r1}
 m - a scroll of noise {unknown}
 o - a scroll of teleportation {unknown}
 r - 3 scrolls of enchant weapon {unknown}
 s - a scroll of blinking {unknown}
Potions
 d - 2 potions of magic {unknown}
 e - 2 potions of brilliance
 f - a potion of cancellation {unknown}
 h - a potion of curing {unknown}
 k - a potion of berserk rage {unknown}
 n - a potion of heal wounds {unknown}
 p - a potion of attraction {unknown}
 q - a potion of flight {unknown}
 t - a potion of invisibility {unknown}

Dungeon Overview and Level Annotations

Branches:
Dungeon (4/15)             Temple (1/1) D:4

Altars:
Gozag
Kikubaaqudgha
Makhleb
Qazlal
Ru
Trog
Vehumet
Wu Jian
Xom
Yredelemnul
Zin
The Shining One

###.###...#▒.▒...###o..#........
#...#.#..###...o§...o.###..###.#
#........##................###.#
#.........##..........#.#..../#
##......#.........#...# #.....#
#......###........#..######...#
##....######............. ###.##
#....#.............#.##..##.#..#
##...#..#......@...#.###.......#
#.....###(..........##......#..
##....###.##........###....##..
###......###.......##.....####
####..†###......#......## #
#...#........#...#.## #
####......#..#...#.### #
#......####.....#...#
###.......#.........####


You could see an orc priest and an orc wizard.


Message History

There is an open door here.
The helpless jackal fails to defend itself.
You bite the jackal, and draw its blood!
You impale the jackal!!
You kill the jackal!
Casting: Ensorcelled Hibernation (safe; 9% risk of failure)
Confirm with . or Enter, or press ? or * to list all spells.
Aiming: Ensorcelled Hibernation (safe; 9% risk of failure)
Press: ? - help, Shift-Dir - straight line, f - orc wizard
Aim: an orc wizard, wielding a +0 dagger and wearing a +0 robe (wandering, hasn't noticed you, chance to affect: 43%)
The orc wizard shouts!
The orc wizard resists with some effort.
You hear a shout!
The orc wizard gestures at you while chanting.
The magic dart hits you.
An orc comes into view. It is wielding a +0 club.
The orc wizard casts a spell at you. The magic dart hits you.
The orc priest calls down the wrath of Beogh upon you.
Beogh smites you!
* * * LOW HITPOINT WARNING * * *
You hear a shout!
The orc wizard casts a spell at you. The magic dart hits you.
* * * LOW HITPOINT WARNING * * *
The orc wizard gestures wildly while chanting.
The orc wizard blinks!
The orc priest invokes the aid of Beogh against you.
Beogh smites you!
You die...

Skill      XL: |  1  2  3  4  5 |
---------------+----------------+-----
Stealth        | 5 |  5.9
Hexes          | 5 |  5.7
Dodging        | 3 |  3.6
Fighting       | 1 |  1.2
Short Blades   | 2 |  2.0
Spellcasting   | |  2.5

Action                   |  1- 3 |  4- 6 || total
-------------------------+-------+-------++-------
Melee: Dagger            |    92 |    57 ||   149
       Bite              |     6 |     3 ||     9
 Cast: Corona            |     8 |     4 ||    12
       Ensorcelled Hiber |    27 |    21 ||    48
       Confusing Touch   |     7 |     3 ||    10
 Abil: Exsanguinate      |     1 |       ||     1
  Use: Scroll            |       |     1 ||     1
 Stab: Sleeping          |    23 |    25 ||    48
       Confused          |     5 |     1 ||     6
Armor: Robe              |    11 |     8 ||    19
Dodge: Dodged            |    32 |    17 ||    49

Levels and vault maps discovered:
D:1:      dpeg_arrival_shrine, layout_loops_ring
D:2:      layout_basic, dk_noncrumbling_2, nicolae_ru_path_of_blood
D:3:      layout_basic, xom_teletrap_fun
D:4:      layout_cave_pools, grunt_temple_overflow_diamond,
          lemuel_temple_firewalk_b
Temple:   dpeg_three_leaves_temple

Notes
Turn   | Place    | Note
-------+----------+-------------------------------------------
     0 | D:1      | infcreate the Vampire Enchanter began the quest for the
                  | Orb.
     0 | D:1      | Reached XP level 1. HP: 13/13 MP: 3/3
   485 | D:1      | Reached XP level 2. HP: 15/15 MP: 5/5
   490 | D:1      | Learned a level 2 spell: Ensorcelled Hibernation
  1491 | D:2      | Found a sacrificial altar of Ru.
  1529 | D:2      | Reached XP level 3. HP: 20/20 MP: 6/6
  1533 | D:2      | Learned a level 3 spell: Confusing Touch
  1755 | D:2      | Reached skill level 5 in Stealth
  1766 | D:2      | Reached skill level 5 in Hexes
  2133 | D:2      | Reached skill level 3 in Dodging
  2246 | D:2      | Reached XP level 4. HP: 24/24 MP: 1/7
  2410 | D:3      | Found a shimmering altar of Xom.
  3512 | D:4      | Found a staircase to the Ecumenical Temple.
  3521 | Temple   | Entered the Ecumenical Temple
  3993 | D:4      | Reached skill level 1 in Fighting
  4121 | D:4      | Reached XP level 5. HP: 29/29 MP: 8/8
  4144 | D:4      | Reached skill level 2 in Short Blades
  4156 | D:4      | Found a bloodstained altar of Trog.
  4159 | D:4      | Found a radiant altar of Vehumet.
  4162 | D:4      | Found an ornate altar of the Wu Jian Council.
  4212 | D:4      | Killed from afar by an orc priest

Vanquished Creatures
  A scorpion (D:4)
  A hound skeleton (D:4)
  4 adders
  6 worms
  3 dart slugs
  2 leopard geckos (D:2)
  8 orcs
  3 ball pythons
  2 giant cockroaches (D:3)
  6 goblins
  6 hobgoblins
  3 jackals (D:4)
  A quokka (D:3)
  7 bats
  4 frilled lizards
  9 kobolds
  8 rats
74 creatures vanquished.

Table legend: (Time is in decaauts)
 A = Elapsed time spent in this place.
 B = Non-inter-level travel time spent in this place.
 C = Inter-level travel time spent in this place.
 D = Time resting spent in this place.
 E = Time spent auto-exploring this place.
 F = Levels seen in this place.
 G = Mean time per level.
                   A        B        C        D        E       F      G
               +--------+--------+--------+--------+--------+-----+--------+
         Total |   4200 |   3732 |    468 |   1297 |      0 |   5 |  840.0 |
       Dungeon |   4136 |   3668 |    468 |   1297 |      0 |   4 | 1034.0 |
        Temple |     63 |     63 |      0 |      0 |      0 |   1 |   63.0 |
               +--------+--------+--------+--------+--------+-----+--------+

Top non-repeatable levels by time:
     D:2: 1449 daAuts
     D:3: 989 daAuts
     D:1: 954 daAuts
     D:4: 743 daAuts
  Temple: 63 daAuts

Table legend:
 A = Non-vault XP
 B = Vault XP
 C = Vault XP percentage of total XP
 D = Non-vault monster count
 E = Vault monster count
 F = Vault count percentage of total count
                 A         B        C        D         E       F
            +---------+---------+-------+---------+---------+-------
      Total |     281 |       0 |   0.0 |      74 |       0 |   0.0
            +---------+---------+-------+---------+---------+-------
        D:1 |      24 |       0 |   0.0 |      18 |       0 |   0.0
        D:2 |      93 |       0 |   0.0 |      27 |       0 |   0.0
        D:3 |      41 |       0 |   0.0 |      18 |       0 |   0.0
        D:4 |     123 |       0 |   0.0 |      11 |       0 |   0.0
            +---------+---------+-------+---------+---------+-------
